 Dungeon Crawl Stone Soup version 0.30-a0-920-g7493c07aab (webtiles) character file.

Game seed: 3128473203361501819

359 kiwi3s the Trooper (level 6, 0/56 HPs)
             Began as a Minotaur Berserker on Mar 21, 2023.
             Was a Priest of Trog.
             Succumbed to Dowan's poison
             ... on level 4 of the Dungeon.
             The game lasted 00:02:12 (2049 turns).

kiwi3s the Trooper (Minotaur Berserker)             Turns: 2049, Time: 00:02:12

Health: 0/56       AC: 13    Str: 23    XL:     6   Next: 37%
Magic:  5/5        EV:  7    Int:  4    God:    Trog [***...]
Gold:   105        SH:  0    Dex: 10    Spells: 5/5 levels left

rFire   . . .      SeeInvis .    a - +0 hand axe
rCold   . . .      Faith    .    (no shield)
rNeg    . . .      Spirit   .    d - +0 plate armour
rPois   .          Reflect  .    (helmet restricted)
rElec   .          Rampage  .    (no cloak)
rCorr   .                        p - +0 pair of gloves
Will    .....                    (no boots) Stlth
                                 (no amulet)
HPRegen 0.29/turn                (no ring)
MPRegen 0.09/turn                (no ring)

@: lethally poisoned (0 -> -5), on berserk cooldown, slowed, very slow
A: horns 2, retaliatory headbutt
a: Renounce Religion, Berserk, Trog's Hand


You were on level 4 of the Dungeon.
You worshipped Trog.
Trog was most pleased with you.
You visited 1 branch of the dungeon, and saw 4 of its levels.

You collected 105 gold pieces.

Inventory:

Hand Weapons
 a - a +0 hand axe (weapon)
 q - a +2 shortbow of freezing
Armour
 b - a +0 animal skin
 d - a +0 plate armour (worn)
 p - a +0 pair of gloves (worn)
Jewellery
 n - an amulet of faith
Wands
 m - a wand of light (16)
 t - a wand of digging (1)
Scrolls
 f - 2 scrolls of teleportation {unknown}
 g - a scroll of magic mapping {unknown}
 i - 2 scrolls of identify {unknown}
 k - a scroll of amnesia {unknown}
 l - a scroll of poison {unknown}
 s - 2 scrolls of immolation {unknown}
 u - a scroll of enchant weapon {unknown}
Potions
 c - 3 potions of curing {unknown}
 e - a potion of attraction {unknown}
 h - a potion of flight {unknown}
 j - a potion of might {unknown}
 o - 3 potions of lignification {unknown}
 r - a potion of brilliance {unknown}


   Skills:
 + Level 5.3 Fighting
 + Level 5.3 Axes
 + Level 4.5 Armour
 + Level 4.1 Dodging


You had 5 spell levels left.
You didn't know any spells.
Your spell library was empty.

Dungeon Overview and Level Annotations

Branches:
Dungeon (4/15)
 Temple: D:4-7

Altars:
Cheibriados
Gozag
Ru
Zin


Innate Abilities, Weirdness & Mutations

You have a pair of horns on your head.
You reflexively headbutt those who attack you in melee.


Message History

Dowan mumbles some strange words.
Dowan blinks!
You slash Duvessa!
You kill Duvessa!
Trog accepts your kill.
Dowan seems overcome with grief.
Dowan seems to find hidden reserves of power!
* * * LOW HITPOINT WARNING * * *
You feel very sick.
Your Fighting skill increases to level 5!
Your Dodging skill increases to level 4!
You have reached level 6!
You slash Dowan! You headbutt Dowan.
You kill Dowan!
Trog accepts your kill.
Trog appreciates your killing of a magic user.
* * * LOW HITPOINT WARNING * * *
You feel sick.
You are too injured to fight recklessly!
* * * LOW HITPOINT WARNING * * *
You feel sick.
Items here: ! ) [ ††.
Unknown command.
You are too berserk!
There is a lethal amount of poison in your body!
There is a lethal amount of poison in your body!
There is a lethal amount of poison in your body!
There is a lethal amount of poison in your body!
There is a lethal amount of poison in your body!
There is a lethal amount of poison in your body!
There is a lethal amount of poison in your body!
You feel a strong urge to attack something.
* * * LOW HITPOINT WARNING * * *
You feel sick.
* * * LOW HITPOINT WARNING * * *
You feel sick.
You feel your anger nearly subside.
You are no longer berserk.
You are exhausted.
You feel yourself slow down.
You die...

#...........#..#.# #.#
#.....†....>...#.# #.#
#..............#.####.#
#...###..........#....##
##### #.###.####.......#
#.# .# #.#...#.# #.# .#
#.#..<... ######.##
#.#.###.# #.....@.#
#.#.. .# #..)....# #.###
## #..)....# #.
#.......# ## #.......+
#.......# #.......#
#.......# ##...####


There were no monsters in sight!

Vanquished Creatures
  Duvessa (D:4)
  A centaur (D:3)
  Dowan (D:4)
  Terence (D:3)
  3 adders (D:3)
  3 worms
  2 dart slugs
  An orc (D:3)
  4 ball pythons
  5 bats
  9 endoplasms
  5 giant cockroaches
  8 goblins
  4 hobgoblins
  2 jackals (D:2)
  4 frilled lizards
  6 kobolds
  6 rats
66 creatures vanquished.

Vanquished Creatures (others)
  5 fungi (D:3)
  A plant (D:3)
6 creatures vanquished.

Grand Total: 72 creatures vanquished

Notes
Turn   | Place    | Note
-------+----------+-------------------------------------------
     0 | D:1      | kiwi3s the Minotaur Berserker began the quest for the Orb.
     0 | D:1      | Reached XP level 1. HP: 19/19 MP: 0/0
   110 | D:1      | Reached XP level 2. HP: 27/27 MP: 1/1
   464 | D:1      | Reached ** piety under Trog
   765 | D:1      | Reached XP level 3. HP: 33/33 MP: 2/2
  1539 | D:3      | Noticed a centaur
  1544 | D:3      | Killed a centaur
  1545 | D:3      | Reached XP level 4. HP: 41/41 MP: 3/3
  1547 | D:3      | Found a faded altar of an unknown god.
  1560 | D:3      | Noticed Terence
  1566 | D:3      | Killed Terence
  1567 | D:3      | Reached XP level 5. HP: 46/47 MP: 4/4
  1679 | D:3      | Found a sacrificial altar of Ru.
  1680 | D:3      | Found a snail-covered altar of Cheibriados.
  1732 | D:3      | Found an opulent altar of Gozag.
  1772 | D:3      | Found a glowing silver altar of Zin.
  1919 | D:3      | Reached skill level 5 in Axes
  1984 | D:4      | Reached *** piety under Trog
  2032 | D:4      | Noticed Duvessa
  2034 | D:4      | Noticed Dowan
  2044 | D:4      | Killed Duvessa
  2045 | D:4      | Reached skill level 5 in Fighting
  2045 | D:4      | Reached XP level 6. HP: 6/56 MP: 5/5
  2045 | D:4      | Killed Dowan
  2046 | D:4      | HP: 4/84 [poisoned by Dowan]
  2048 | D:4      | HP: 1/84 [poisoned by Dowan]
  2049 | D:4      | Succumbed to Dowan's poison

Illustrated notes

Levels and vault maps discovered:
D:1:      dpeg_arrival_leaves_temple_mockup, layout_loops_ring,
          chequers_serial_rivers_large_b
D:2:      layout_loops_ring
D:3:      layout_basic, pdpol_temple_overflow_zin_treasury_gozag_greed,
          jmf_multi_god_temple, shapermc_ecumenical_altar_rom_forum,
          serial_glass, glass_columns_a, glass_columns_a, glass_columns_a,
          glass_columns_b, glass_columns_b, glass_columns_c, glass_columns_a,
          glass_columns_a, feat_on_display, due_unseen_surprise, uniq_terence
D:4:      layout_basic, chequers_arboretum, uniq_duvessa

Skill      XL: |  1  2  3  4  5 |
---------------+----------------+-----
Axes           | 4 5 |  5.3
Fighting       | 4 5 |  5.3
Armour         | 3 4 |  4.5
Dodging        | 3 4 |  4.1

Action                     |  1- 3 |  4- 6 || total
---------------------------+-------+-------++-------
  Melee: Hand axe          |    98 |    65 ||   163
         Headbutt          |     8 |    11 ||    19
         Punch             |     1 |       ||     1
 Invoke: Berserk           |       |     1 ||     1
 Armour: Plate armour      |    53 |    35 ||    88
  Dodge: Dodged            |    44 |    22 ||    66

Table legend: (Time is in decaauts)
 A = Elapsed time spent in this place.
 B = Non-inter-level travel time spent in this place.
 C = Inter-level travel time spent in this place.
 D = Time resting spent in this place.
 E = Time spent auto-exploring this place.
 F = Levels seen in this place.
 G = Mean time per level.
                   A        B        C        D        E       F      G
               +--------+--------+--------+--------+--------+-----+--------+
         Total |   2109 |   2009 |    100 |      0 |   1602 |   4 |  527.2 |
       Dungeon |   2109 |   2009 |    100 |      0 |   1602 |   4 |  527.2 |
               +--------+--------+--------+--------+--------+-----+--------+

Top non-repeatable levels by time:
     D:1: 869 daAuts
     D:2: 667 daAuts
     D:3: 503 daAuts
     D:4: 67 daAuts
